 Dungeon Crawl Stone Soup version 0.31-a0-232-gb1c03b2570 (webtiles) character file.

Game seed: 8649774326841802012

283 qw the Shooter (level 6, -4/37 HPs)
             Began as a Gargoyle Hexslinger on July 6, 2023.
             Killed by nerve-wracking pain
             ... invoked by Grinder
              (6 damage)
             ... while paralysed by Grinder
             ... on level 4 of the Dungeon.
             The game lasted 00:01:10 (2711 turns).

qw the Shooter (Gargoyle Hexslinger)                Turns: 2711, Time: 00:01:10

Health: -4/37      AC:  8    Str: 11    XL:     6   Next: 28%
Magic:  7/7        EV:  2    Int: 14    God:
Gold:   184        SH:  0    Dex: 14    Spells: 6/7 levels left

rFire   . . .        Y - +1 sling (flame)
rCold   . . .        (no shield)
rNeg    + . .        e - +0 leather armour
rPois   inf          d - +0 helmet
rElec   +            (no cloak)
rCorr   .            (no gloves)
SInv    .            (no boots)
Will    .....        (no amulet)
Stlth   +            (no ring)
HPRegen 0.26/turn    (no ring)
MPRegen 0.10/turn

%: no passive effects
@: paralysed
A: sickness immunity, AC +4, negative energy resistance 1, electricity
resistance, torment resistance 1, petrification resistance
a: no special abilities


You were on level 4 of the Dungeon.
You visited 1 branch of the dungeon, and saw 4 of its levels.

You collected 184 gold pieces.


Innate Abilities, Weirdness & Mutations

You are immune to sickness and miasma.
Your stone body is resilient. (AC +4)
You are immune to poison.
You resist negative energy. (rN+)
You are resistant to electric shocks. (rElec)
You are resistant to unholy torment.
You are immune to petrification.


   Skills:
 - Level 3.0 Fighting
 + Level 5.8 Ranged Weapons
 - Level 1.5 Dodging
 - Level 1.0 Spellcasting
 - Level 2.6 Hexes


You had 6 spell levels left.
You knew the following spells:

 Your Spells              Type           Power      Damage    Failure   Level
a - Slow                  Hex            32%        N/A       12%         1

Your spell library contained the following spells:

 Spells                   Type           Power      Damage    Failure   Level
 Inner Flame              Hex/Fire       4%         N/A       52%         3
 Portal Projectile        Hex/Tloc       8%         N/A       52%         3
 Cause Fear               Hex            4%         N/A       75%         4

Inventory:

Hand Weapons
 Y - a +1 sling of flaming (weapon)
Armour
 c - a +0 ring mail
 d - a +0 helmet (worn)
 e - a +0 leather armour (worn)
Jewellery
 b - a ring of fire
Potions
 a - a potion of haste {unknown}
 f - a potion of enlightenment {unknown}
 h - a potion of lignification {unknown}
 i - a potion of attraction {unknown}

Dungeon Overview and Level Annotations

Branches:
Dungeon (4/15)
 Temple: D:4-7

Altars:
Ashenzari
Elyvilon
Nemelex Xobeh

Annotations:
D:4 Grinder


Message History

The hound bites you but does no damage. Grinder hits you.
You writhe in agony.
The hound completely misses you.
You shoot a sling bullet. The sling bullet hits the hound.
The sling bullet burns the hound.
The hound is heavily wounded.
The hound barely misses you. Grinder hits you.
You writhe in agony.
You shoot a sling bullet. The sling bullet hits the hound!
The sling bullet burns the hound.
You kill the hound!
Grinder hits you.
You writhe in agony.
You shoot a sling bullet.
The sling bullet closely misses Grinder.
Grinder misses you.
Grinder says, "What is the universe for?"
Grinder hits you.
You shoot a sling bullet. The sling bullet barely misses Grinder.
Grinder hits you but does no damage.
You shoot a sling bullet. The sling bullet barely misses Grinder.
Grinder completely misses you.
You shoot a sling bullet.
The sling bullet hits Grinder but does no damage.
Grinder is lightly wounded.
Grinder hits you!
You writhe in agony.
You shoot a sling bullet.
The sling bullet closely misses Grinder.
Grinder gestures at you. Pain shoots through your body!
You shoot a sling bullet. The sling bullet hits Grinder.
The sling bullet burns Grinder.
Grinder is moderately wounded.
Grinder hits you.
You writhe in agony.
You shoot a sling bullet.
The sling bullet hits Grinder but does no damage.
Grinder is moderately wounded.
Grinder gestures at you.
You suddenly lose the ability to move!
Grinder hits you. Grinder gestures at you. Pain shoots through your body!
You die...

#.######..###...
#................
#................
##................
#.................
##..####...<......
#..## ##.%.......
##...# #..5<.....
#....## #.@%......
##.....#
#.........
#......#
##........
#......##
#........
#.......#
#........
##......#
##....... ##...###
....... #####
#......


You could see Grinder.

Vanquished Creatures
  A scorpion (D:3)
  A hound (D:4)
  2 sleepcaps (D:4)
  5 adders
  4 dart slugs (D:1)
  5 orcs (D:4)
  5 ball pythons
  5 bats
  4 endoplasms
  9 giant cockroaches
  8 goblins
  8 hobgoblins
  3 jackals (D:1)
  7 quokkas
  5 frilled lizards
  6 kobolds
  3 rats
81 creatures vanquished.

Notes
Turn   | Place    | Note
-------+----------+-------------------------------------------
     0 | D:1      | qw the Gargoyle Hexslinger began the quest for the Orb.
     0 | D:1      | Reached XP level 1. HP: 12/12 MP: 2/2
     0 | D:1      | 0 ||| qw: Version: 0.3-a-46-gb1f654a
     0 | D:1      | 0 ||| qw: Game counter: 1968
     0 | D:1      | 0 ||| qw: Melee chars always use a shield: true
     0 | D:1      | 0 ||| qw: God list: Okawaru
     0 | D:1      | 0 ||| qw: Allow faded altars: false
     0 | D:1      | 0 ||| qw: Do Orc after clearing Dungeon:15 true
     0 | D:1      | 0 ||| qw: Do second Lair branch before Depths: true
     0 | D:1      | 0 ||| qw: Lair rune preference: random
     0 | D:1      | 0 ||| qw: Goals: Normal
     0 | D:1      | 0 ||| PLANNING D:1-11
    38 | D:1      | Reached XP level 2. HP: 16/16 MP: 3/3
    93 | D:1      | HP: 4/16 [kobold/+0 whip (5)]
   167 | D:1      | Reached skill level 3 in Ranged Weapons
   276 | D:1      | Reached XP level 3. HP: 21/21 MP: 4/4
   847 | D:1      | 847 ||| UPGRADING to +0 helmet.
   852 | D:1      | 852 ||| UPGRADING to +0 leather armour.
   862 | D:1      | 862 ||| DROPPING +0 robe.
   863 | D:1      | 863 ||| READING scroll labelled DIAKKI UCIESS.
   864 | D:1      | 864 ||| DROPPING scroll of poison.
   912 | D:2      | Reached XP level 4. HP: 26/26 MP: 5/5
   923 | D:2      | Reached skill level 4 in Ranged Weapons
  1262 | D:2      | Found a faded altar of an unknown god.
  1371 | D:2      | 1371 ||| READING scroll labelled QODDIB BADEU.
  1375 | D:2      | 1375 ||| READING scroll labelled BESAMM FARUJU.
  1474 | D:3      | Found a sparkling altar of Nemelex Xobeh.
  1549 | D:3      | Found a broken altar of Ashenzari.
  1555 | D:3      | Found a white marble altar of Elyvilon.
  1709 | D:3      | Reached XP level 5. HP: 30/30 MP: 6/6
  2192 | D:3      | 2192 ||| DROPPING amulet of magic regeneration.
  2193 | D:3      | 2193 ||| DROPPING ring of flight.
  2194 | D:3      | 2194 ||| READING scroll labelled XOED YMEVOAS.
  2195 | D:3      | 2195 ||| DRINKING 2 lumpy grey potions.
  2299 | D:3      | 2299 ||| DRINKING 2 white potions.
  2300 | D:3      | 2300 ||| DROPPING potion of berserk rage.
  2338 | D:4      | 2338 ||| STAIRDANCE
  2345 | D:3      | Reached skill level 5 in Ranged Weapons
  2374 | D:4      | HP: 5/31 [sleepcap (4)]
  2374 | D:4      | HP: 2/31 [orc/+0 dagger (3)]
  2375 | D:4      | 2375 ||| DRINKING potion of heal wounds.
  2381 | D:4      | Reached skill level 3 in Fighting
  2381 | D:4      | Reached XP level 6. HP: 13/37 MP: 7/7
  2382 | D:4      | HP: 9/37 [orc/+0 dagger (2)]
  2694 | D:4      | Noticed Grinder
  2707 | D:4      | HP: 7/37 [Grinder/nerve-wracking pain (7)]
  2709 | D:4      | Paralysed by Grinder for 4 turns
  2710 | D:4      | HP: 2/37 [Grinder (3)]
  2711 | D:4      | Killed from afar by Grinder

Levels and vault maps discovered:
D:1:      dpeg_arrival_renting, layout_loops_ring,
          corexii_item_surrounded_by_moat, st_stairs_5
D:2:      layout_rooms, basic_ecumenical_altar, minmay_misc_feat_room
D:3:      layout_basic, ashenzari_conservatory_becter,
          lemuel_coloured_pillars_altar, mainiacjoe_overflow_alcove_1,
          kennysheep_generic_room_10
D:4:      layout_cave_pods, ebering_ghost_rock_garden, uniq_sigmund,
          uniq_grinder

Skill      XL: |  1  2  3  4  5 |
---------------+----------------+-----
Ranged Weapons | 3 4 5 |  5.8
Fighting       | 2 3 |  3.0
Dodging        | |  1.5
Spellcasting   | |  1.0
Hexes          | |  2.6

Action                     |  1- 3 |  4- 6 || total
---------------------------+-------+-------++-------
   Fire: Sling             |   115 |   180 ||   295
    Use: Scroll            |     1 |     3 ||     4
         Potion            |       |     3 ||     3
 Armour: Robe              |    20 |       ||    20
         Leather armour    |     1 |    52 ||    53
  Dodge: Dodged            |    58 |    73 ||   131

Table legend:
 A = Non-vault XP
 B = Vault XP
 C = Vault XP percentage of total XP
 D = Non-vault monster count
 E = Vault monster count
 F = Vault count percentage of total count
                 A         B        C        D         E       F
            +---------+---------+-------+---------+---------+-------
      Total |     400 |       5 |   1.2 |      78 |       3 |   3.7
            +---------+---------+-------+---------+---------+-------
        D:1 |      64 |       5 |   7.2 |      31 |       3 |   8.8
        D:2 |      85 |       0 |   0.0 |      23 |       0 |   0.0
        D:3 |     102 |       0 |   0.0 |      12 |       0 |   0.0
        D:4 |     149 |       0 |   0.0 |      12 |       0 |   0.0
            +---------+---------+-------+---------+---------+-------
